 Dungeon Crawl Stone Soup version 0.18.1-50-g88ac8fd (webtiles) character file.

223 Peloso the Skirmisher (level 6, 0/52 HPs)
             Began as a Ghoul Fighter on Oct 25, 2016.
             Slain by a dart slug (1 damage)
             ... on level 3 of the Dungeon.
             The game lasted 00:06:54 (1908 turns).

Peloso the Skirmisher (Ghoul Fighter)               Turns: 1908, Time: 00:06:54

Health: 0/52       AC: 13    Str: 18 (20) XL:     6   Next: 0%
Magic:  5/5        EV:  5    Int:  0 (3)  God:
Gold:   246        SH:  0    Dex:  8 (10) Spells: 0 memorised, 5 levels left

rFire  + . .     SeeInvis .     a - +0 long sword
rCold  + . .     Gourm    .     t - +0 chain mail
rNeg   + + +     Faith    .     c - +0 shield
rPois  ∞         Spirit   .     u - +1 helmet
rElec  .         Dismiss  .     l - +0 cloak
rCorr  .         Reflect  .     (no gloves)
SustAt .         Harm     .     e - +0 pair of boots
MR     .....                    w - amulet of rage
Stlth  ..........               (no ring)
                                p - ring of protection from fire

@: confused, very slightly contaminated, rotting, slowed, lost intelligence,
very slow, not resistant to hostile enchantments, extremely unstealthy
A: rotting body, claws 1, carnivore 3, cold resistance 1, negative energy
resistance 3, slow regeneration 1, torment resistance, unbreathing
a: no special abilities


You were on level 3 of the Dungeon.
You were not hungry.

You visited 1 branch of the dungeon, and saw 4 of its levels.

You collected 246 gold pieces.

Inventory:

Hand Weapons
 a - a +0 long sword (weapon)
 n - a +1 trident of freezing
Armour
 b - a +0 scale mail
 c - a +0 shield (worn)
 e - a +0 pair of boots (worn)
 l - a +0 cloak (worn)
 t - a +0 chain mail (worn)
 u - a +1 helmet (worn)
Jewellery
 p - a ring of protection from fire (left claw)
 w - an amulet of rage (around neck)
Wands
 g - a wand of digging (8/24)
 q - a wand of iceblast (9/15)
Scrolls
 i - a scroll of random uselessness {unknown}
 j - a scroll of remove curse {unknown}
 o - 2 scrolls of identify {unknown}
 s - a scroll of magic mapping {unknown}
 v - a scroll of enchant weapon {unknown}
Comestibles
 f - 3 meat rations
 h - 2 slices of pizza


   Skills:
 + Level 3.9 Fighting
 + Level 2.2 Long Blades
 + Level 3.6 Armour
 + Level 2.6 Dodging
 + Level 0.8 Stealth
 + Level 3.6 Shields


You had 5 spell levels left.
You didn't know any spells.

Dungeon Overview and Level Annotations

Branches:
Dungeon (4/15)
 Temple: D:4-7

Altars:
Ashenzari
Kikubaaqudgha
Nemelex Xobeh


Innate Abilities, Weirdness & Mutations

Your body is rotting away.
You thrive on raw meat.
You are immune to poison.
You have sharp fingernails.
You are carnivorous and can eat meat at any time.
Your flesh is cold resistant.
You are immune to negative energy.
You regenerate slowly when monsters are visible.
You are immune to unholy pain and torment.
You can survive without breathing.


Message History

Something hits you but does no damage.
The giant newt bites you but does no damage.
The orc wizard hits you but does no damage.
The orc wizard gestures wildly while chanting.
The orc wizard blinks!
You hear some strange, mumbled words.
You are confused.
The dart slug bites you but does no damage.
Something hits you.
* * * LOW HITPOINT WARNING * * *
The orc wizard hits you but does no damage.
You closely miss something.
The orc wizard hits you but does no damage.
The giant newt hisses menacingly.
Something hits you but does no damage.
The orc wizard casts a spell.
The orc wizard blinks!
The dart slug bites you but does no damage.
Something hits you but does no damage. The dart slug bites you.
You die...

#........# #...#
####........# #...#
.....)o.....# #...#
..$.........#
#...#########
#)#######............
#.#.....#.#.########.
#.).......#.# #.
#..w{l..###.# #.
#.##@#### #.# #.
#.##.# #.# #. ..##.#
#.# #. ...##o# #.# #.
.......# ..# #####.
......... ....#.
######
###+#########.#.#.
........##.#.#.
........##.#'#.


You could see an orc wizard, a dart slug and a giant newt.

Vanquished Creatures
  An ogre (D:4)
  2 hounds (D:4)
  Ijyb (D:3)
  2 adders (D:2)
  2 worms
  A giant gecko (D:1)
  4 orcs (D:3)
  7 bats
  A giant cockroach (D:3)
  A goblin (D:3)
  2 hobgoblins (D:2)
  2 quokkas
  3 kobolds
  5 rats
34 creatures vanquished.

Notes
Turn   | Place    | Note
--------------------------------------------------------------
     0 | D:1      | Peloso the Ghoul Fighter began the quest for the Orb.
     0 | D:1      | Reached XP level 1. HP: 19/19 MP: 0/0
   256 | D:1      | Reached XP level 2. HP: 25/25 MP: 1/1
   396 | D:1      | Found a shattered altar of Ashenzari.
   698 | D:2      | Found an ancient bone altar of Kikubaaqudgha.
   766 | D:2      | Reached XP level 3. HP: 26/33 MP: 2/2
   865 | D:2      | You fall through a shaft for 2 floors!
  1067 | D:4      | Reached skill level 1 in Dodging
  1067 | D:4      | Reached XP level 4. HP: 11/40 MP: 3/3
  1313 | D:4      | Noticed an ogre
  1318 | D:4      | Killed an ogre
  1318 | D:4      | Reached XP level 5. HP: 46/46 MP: 4/4
  1366 | D:3      | Noticed Ijyb
  1376 | D:3      | Killed Ijyb
  1452 | D:3      | Found a sparkling altar of Nemelex Xobeh.
  1869 | D:3      | Lost intelligence.
  1884 | D:3      | Reached XP level 6. HP: 19/52 MP: 5/5
  1903 | D:3      | HP: 1/52 [something/puff of flame (2)]
  1908 | D:3      | Slain by a dart slug

Skill      XL: |  1  2  3  4 |
---------------+-------------+-----
Armour         | 3 |  3.6
Long Blades    | 2 |  2.2
Dodging        | 1 2 |  2.6
Shields        | 3 |  3.6
Fighting       | |  3.9
Stealth        | |  0.8

Action                   |  1- 3 |  4- 6 || total
-------------------------+-------+-------++-------
Melee: Long sword        |    94 |    86 ||   180
  Use: Potion            |       |     4 ||     4
  Eat: Chunk             |     4 |     5 ||     9
       Meat ration       |       |     1 ||     1
Armor: Scale mail        |    77 |     5 ||    82
       Chain mail        |       |    89 ||    89
Dodge: Dodged            |    31 |    24 ||    55
Block: Shield            |    46 |    33 ||    79
